 Dungeon Crawl Stone Soup version 0.27-a0-590-g94244163b4 (webtiles) character file.

Game seed: 9091051850950175712

1803 tilp the Changer (level 9, -2/58 HPs)
             Began as an Octopode Transmuter on Mar 10, 2021.
             Slain by a phantom (7 damage)
             ... on level 6 of the Dungeon.
             The game lasted 00:14:27 (7363 turns).

tilp the Changer (Octopode Transmuter)              Turns: 7363, Time: 00:14:27

Health: -2/58      AC:  1    Str: 10    XL:     9   Next: 9%
Magic:  15/15      EV: 17    Int: 18    God:
Gold:   249        SH:  0    Dex: 12    Spells: 6/16 levels left

rFire    . . .     SeeInvis .     - Unarmed
rCold    . . .     Faith    .   (no shield)
rNeg     . . .     Spirit   .   (helmet currently unavailable)
rPois    .         Reflect  .   j - amulet of the acrobat
rElec    .         Harm     .   b - +4 ring of evasion
rCorr    .         Rampage  .   d - ring of flight
Will     .....                  (no ring)
Stlth    +++.......             (no ring)
HPRegen  0.19/turn              (no ring)
MPRegen  0.14/turn              (no ring)
                                (no ring)
                                (no ring)

@: appendages, flying
A: almost no armour, amphibious, 8 rings, tentacle spike 3, camouflage 1,
gelatinous body 1, nimble swimmer 1, tentacles
a: End Transformation


You were on level 6 of the Dungeon.
One of your tentacles had a temporary spike.
You visited 1 branch of the dungeon, and saw 6 of its levels.
You also visited: Sewer.

You collected 249 gold pieces.

Inventory:

Missiles
 a - a curare-tipped dart {!f}
 i - 19 javelins
 k - 30 poisoned darts (quivered)
Magical Staves
 t - a staff of air
Jewellery
 b - a +4 ring of evasion (left tentacle)
 d - a ring of flight (right tentacle)
 f - an amulet of faith
 j - an amulet of the acrobat (around mantle)
Scrolls
 e - 4 scrolls of teleportation
 r - 2 scrolls of identify
Potions
 c - 3 potions of heal wounds
 g - 2 potions of flight
 h - 3 potions of haste
 l - 2 potions of invisibility
 m - 3 potions of attraction
 n - 2 potions of lignification
 o - 3 potions of curing {unknown}
 p - a potion of might {unknown}
 q - a potion of magic {unknown}


   Skills:
 - Level 4.0 Fighting
 - Level 2.0 Dodging
 - Level 4.0 Stealth
 - Level 6.0 Unarmed Combat
 - Level 4.0 Spellcasting
 * Level 7.7 Transmutations
 - Level 2.0 Ice Magic
 - Level 2.0 Poison Magic


You had 6 spell levels left.
You knew the following spells:

 Your Spells              Type           Power      Damage    Failure   Level
a - Beastly Appendage     Tmut           62%        N/A       1%          1
b - Wereblood             Tmut           31%        N/A       1%          2
c - Spider Form           Tmut/Pois      10%        N/A       6%          3
d - Ice Form              Ice/Tmut       21%        N/A       21%         4

Your spell library contained the following spells:

 Spells                   Type           Power      Damage    Failure   Level
 Blade Hands              Tmut           15%        N/A       17%         5


Dungeon Overview and Level Annotations

Branches:
Dungeon (6/15)              Sewer (visited)
 Temple: D:4-7

Altars:
Fedhas

Shops:
D:4 *   D:6 [

Annotations:
D:5 1 runed translucent door, funkygono's ghost, novice GnWr
D:6 Maggie


Innate Abilities, Weirdness & Mutations

You cannot wear most types of armour.
You are amphibious.
You can wear up to eight rings at the same time.
Your skin changes colour to match your surroundings (Stealth+).
Your rubbery body absorbs attacks. (AC +1, EV +1)
You are stealthy while swimming. (Stealth+)
You have tentacles for arms and can constrict up to eight enemies at once.
One of your tentacles bears a large vicious spike.


Message History

Casting: Wereblood (safe; 1% risk of failure)
Confirm with . or Enter, or press ? or * to list all spells.
One of your tentacles grows a vicious spike.
Things that are here:
a +0 mace; a +0 robe You barely miss the phantom.
The phantom hits you!
The phantom blinks!
You blink.
You tentacle-slap the phantom but do no damage.
Your tentacle spike misses the phantom.
The phantom hits you!
* * * LOW HITPOINT WARNING * * *
The phantom blinks!
You blink.
You are too injured to fight recklessly!
You are too injured to fight recklessly!
You barely miss the phantom.
Your tentacle spike misses the phantom.
The phantom barely misses you.
You tentacle-slap the phantom.
The phantom is moderately damaged.
The phantom hits you!
* * * LOW HITPOINT WARNING * * *
You tentacle-slap the phantom. Your squeeze misses the phantom.
The phantom is heavily damaged.
You barely miss the phantom.
The phantom is heavily damaged.
The phantom hits you.
* * * LOW HITPOINT WARNING * * *
You barely miss the phantom.
Your tentacle spike misses the phantom.
The phantom is heavily damaged.
The phantom hits you but does no damage.
You tentacle-slap the phantom.
The phantom is heavily damaged.
The phantom barely misses you.
You bludgeon the phantom!
The phantom is almost destroyed.
The phantom hits you.
* * * LOW HITPOINT WARNING * * *
The phantom blinks!
You blink.
It was a potion of flight.
You feel very buoyant.
You fly up into the air.
The phantom hits you!
You die...

##.###..<.........##.###.#.###.#
#.)# #..#..###.##.##.###.##.#.##
#(.###..#.## #.##.##.....###.##
#<.§).)...# #...zz..##### ####.
#[##....### #..#.....[..# #.
#.####).# #..#......#.# #.
#.####..######..#......#)# #.
#...............#......#z######.
####.#.###.....@............p...
#.#..##.....W................
#.##.##..§...#...............
#.......§....##)#...########.
####.#######.##.#...# #. #.#
#........# #. ####.####
####.##### #p #.......# #.# #.
#.##.##.# #####.# ####


You could see a phantom.

Vanquished Creatures
  2 humans (D:6)
  An orc warrior (D:3)
  An ice beast (D:5)
  A black bear (D:6)
  2 ogres
  A kobold brigand (Sewer)
  A wyvern zombie (D:6)
  4 killer bees (D:6)
  4 wights
  A bullfrog zombie (D:5)
  A centaur zombie (D:5)
  A bullfrog skeleton (D:5)
  2 orc priests (D:3)
  A jelly (D:6)
  2 orc wizards
  An iguana (D:5)
  A hound zombie (D:5)
  8 gnolls
  8 adders
  2 river rats
  2 shadow imps (D:5)
  4 ufetubi
  4 worms
  5 dart slugs
  3 leopard geckos
  13 orcs
  5 ball pythons
  5 bats
  6 giant cockroaches
  7 hobgoblins
  4 jackals
  5 quokkas
  7 frilled lizards
  7 goblins
  A jackal zombie (D:5)
  13 kobolds
  11 rats
147 creatures vanquished.

Vanquished Creatures (others)
  9 plants (D:2)
9 creatures vanquished.

Grand Total: 156 creatures vanquished

Notes
Turn   | Place    | Note
-------+----------+-------------------------------------------
     0 | D:1      | tilp the Octopode Transmuter began the quest for the Orb.
     0 | D:1      | Reached XP level 1. HP: 13/13 MP: 3/3
   241 | D:1      | Reached skill level 1 in Stealth
   290 | D:1      | Reached XP level 2. HP: 14/18 MP: 5/5
   293 | D:1      | Learned a level 2 spell: Wereblood
  1008 | D:2      | Reached XP level 3. HP: 23/23 MP: 4/6
  1627 | D:2      | Reached XP level 4. HP: 10/29 MP: 3/7
  2261 | D:2      | Reached XP level 5. HP: 23/35 MP: 4/8
  2287 | D:1      | HP: 1/35 [gnoll/+0 whip (7)]
  2757 | D:2      | Found a faded altar of an unknown god.
  3281 | D:3      | Found a glowing drain.
  3295 | Sewer    | Entered a sewer
  3379 | Sewer    | Noticed a kobold brigand
  3410 | Sewer    | Killed a kobold brigand
  3411 | Sewer    | Reached XP level 6. HP: 34/43 MP: 7/9
  3541 | Sewer    | Found a white marble altar of Elyvilon.
  3699 | D:3      | Noticed an orc warrior
  3714 | D:3      | Killed an orc warrior
  3715 | D:3      | Reached skill level 5 in Unarmed Combat
  3922 | D:3      | Reached XP level 7. HP: 48/48 MP: 7/10
  4194 | D:3      | Learned a level 3 spell: Spider Form
  4952 | D:4      | Reached skill level 1 in Poison Magic
  5028 | D:4      | Found Riohuevvu's Mass Market.
  5256 | D:4      | Reached skill level 3 in Transmutations
  5385 | D:5      | Entered Level 5 of the Dungeon
  5574 | D:5      | Reached skill level 4 in Transmutations
  5800 | D:5      | Found a blossoming altar of Fedhas.
  5816 | D:5      | Reached XP level 8. HP: 54/54 MP: 10/12
  6135 | D:5      | Found a runed translucent door.
  6139 | D:5      | Noticed funkygono's ghost (novice GnWr)
  6484 | D:6      | Reached skill level 5 in Transmutations
  6702 | D:6      | Noticed Maggie
  6717 | D:6      | Found Zoezif's Armour Shoppe.
  6736 | D:6      | Reached skill level 6 in Transmutations
  6741 | D:6      | Learned a level 4 spell: Ice Form
  6999 | D:6      | Reached skill level 1 in Ice Magic
  7005 | D:6      | Reached skill level 7 in Transmutations
  7033 | D:5      | Reached XP level 9. HP: 35/57 MP: 10/15
  7363 | D:6      | Slain by a phantom

Illustrated notes

Levels and vault maps discovered:
D:1:      lightli_arrival_windingriver, layout_basic
D:2:      layout_rooms, chequers_ecumenical_altar_twisty, serial_bayou,
          serial_bayou_pond_c, serial_bayou_pond_c, serial_bayou_shore_a,
          serial_bayou_pond_e, minivault_4
D:3:      layout_basic, portal_sewer_entry_e
D:4:      layout_basic, minmay_shop_mass
D:5:      layout_cave_pods, nicolae_overflow_crystal_walls,
          ebering_ghost_sewer_d, minmay_misc_feat_five
D:6:      layout_loops_cross, minmay_temple_entry_enclosed_plants, serial_shops,
          kennysheep_mini, minmay_ruffians, uniq_maggie

Skill      XL: |  1  2  3  4  5  6  7  8 |
---------------+-------------------------+-----
Stealth        | 2 3 4 |  4.0
Fighting       | 2 3 4 |  4.0
Unarmed Combat | 4 5 6 |  6.0
Poison Magic   | 2 |  2.0
Transmutations | 4 7 |  7.7
Spellcasting   | 3 4 |  4.0
Ice Magic      | 2 |  2.0
Dodging        | |  2.0

Action                   |  1- 3 |  4- 6 |  7- 9 || total
-------------------------+-------+-------+-------++-------
Melee: Unarmed           |    69 |   133 |   184 ||   386
       Constrict         |    21 |    35 |    33 ||    89
       Tentacles         |    14 |    21 |    30 ||    65
       Punch             |     1 |     4 |     7 ||    12
       Kick              |    13 |    24 |    29 ||    66
Throw: Stone             |     6 |       |       ||     6
       Dart              |       |    18 |    24 ||    42
 Cast: Beastly Appendage |     9 |    19 |    25 ||    53
       Wereblood         |     3 |     6 |     8 ||    17
       Spider Form       |       |       |     5 ||     5
  Use: Scroll            |       |     8 |     7 ||    15
       Potion            |       |       |     2 ||     2
 Stab: Sleeping          |     7 |     9 |     7 ||    23
       Distracted        |       |     1 |       ||     1
Armor: Skin              |     1 |     5 |    22 ||    28
Dodge: Dodged            |    35 |    92 |   136 ||   263

Table legend: (Time is in decaauts)
 A = Elapsed time spent in this place.
 B = Non-inter-level travel time spent in this place.
 C = Inter-level travel time spent in this place.
 D = Time resting spent in this place.
 E = Time spent auto-exploring this place.
 F = Levels seen in this place.
 G = Mean time per level.
                   A        B        C        D        E       F      G
               +--------+--------+--------+--------+--------+-----+--------+
         Total |   7333 |   6861 |    472 |   1490 |   3743 |   7 | 1047.6 |
       Dungeon |   7052 |   6580 |    472 |   1490 |   3589 |   6 | 1175.3 |
         Sewer |    281 |    281 |      0 |      0 |    154 |   1 |  281.0 |
               +--------+--------+--------+--------+--------+-----+--------+

Top non-repeatable levels by time:
     D:1: 1565 daAuts
     D:2: 1524 daAuts
     D:5: 1268 daAuts
     D:4: 1010 daAuts
     D:3: 985 daAuts
     D:6: 696 daAuts
   Sewer: 281 daAuts
